 Dungeon Crawl Stone Soup version 0.30-a0-782-ge64f9170bb (webtiles) character file.

Game seed: 3040643512728753274

0 senseless the Sneak (level 1, -2/16 HPs)
             Began as an Octopode Delver on Feb 24, 2023.
             Slain by a worm (10 damage)
             ... on level 4 of the Dungeon.
             The game lasted 00:01:21 (81 turns).

senseless the Sneak (Octopode Delver)                 Turns: 81, Time: 00:01:21

Health: -2/16      AC:  1    Str: 11    XL:     1   Next: 10%
Magic:  1/1        EV: 13    Int: 12    God:
Gold:   8          SH:  0    Dex: 13    Spells: 0/0 levels left

rFire   . . .      SeeInvis .    a - +0 falchion
rCold   . . .      Faith    .    (no shield)
rNeg    . . .      Spirit   .    (helmet restricted)
rPois   .          Reflect  .    (no amulet)
rElec   .          Harm     .    (no ring)
rCorr   .          Rampage  .    (no ring)
Will    .....                    (no ring)
Stlth   ++++                     (no ring)
HPRegen 0.22/turn                (no ring)
MPRegen 0.07/turn                (no ring)
                                 (no ring)
                                 (no ring)

@: no status effects
A: almost no armour, amphibious, 8 rings, camouflage 1, gelatinous body 1,
(nimble swimmer 1), tentacles
a: no special abilities


You were on level 4 of the Dungeon.
You visited 1 branch of the dungeon, and saw 2 of its levels.

You collected 8 gold pieces.

Inventory:

Hand Weapons
 a - a +0 falchion (weapon)
Wands
 f - a wand of digging (3)
Scrolls
 b - a scroll of fog
 c - a scroll of magic mapping
 d - a scroll of fear
 g - a scroll of teleportation {unknown}
Potions
 e - a potion of haste


   Skills:
 + Level 3.0 Fighting
 + Level 2.0 Long Blades
 + Level 2.0 Dodging
 + Level 6.6 Stealth


You couldn't memorise any spells.
You didn't know any spells.
Your spell library was empty.

Dungeon Overview and Level Annotations

Branches:
Dungeon (5/15)
 Temple: D:4-7

Altars:


Innate Abilities, Weirdness & Mutations

You cannot wear most types of armour.
You are amphibious.
You can wear up to eight rings at the same time.
Your skin changes colour to match your surroundings (Stealth+).
Your rubbery body absorbs attacks. (AC +1, EV +1)
((You are camouflaged when in or above water. (Stealth+)))
You have tentacles for arms and can constrict up to eight enemies at once.


Message History

You hear the hiss of flowing sand.
There is an entrance to an ossuary on this level.
Hurry and find it before the portal is buried!
The kobold shouts!
Found a leather armour and a scroll labelled NONEVOCR YSEER.
There is a stone staircase leading down here.
You see here a scroll labelled NONEVOCR YSEER.
The kobold throws a poisoned dart.
The poisoned dart hits you!
You are poisoned.
You feel sick.
You feel sick. The kobold misses you.
You barely miss the kobold. Your grab misses the kobold.
Your squeeze misses the kobold.
You feel sick. The kobold hits you but does no damage.
You closely miss the kobold. Your grab misses the kobold.
Your squeeze misses the kobold.
You feel sick. The kobold hits you with a +0 club.
You hit the kobold.
You kill the kobold!
You feel sick.
You feel sick.
Things that are here:
a +0 club; 3 poisoned darts; a kobold corpse You feel sick.
You are no longer poisoned.
You hear the slow hiss of a distant avalanche of sand.
HP restored.
g - a scroll labelled NONEVOCR YSEER You open the door.
A worm comes into view.
Found a scroll labelled NONEVOCR YSEER.
Found an escape hatch in the ceiling.
There is an open door here.
The helpless worm fails to defend itself.
You hit the worm but do no damage. You grab the worm. You constrict the worm.
The worm bites you!
Ouch! That really hurt!
You hit the worm. You squeeze the worm.
The worm is heavily wounded.
You constrict the worm. The worm bites you!
Ouch! That really hurt!
You die...

#.....+ ########
#.....# ##......##
#.....# .........
#.....###+##........
#?.<..#...##......#
#.....#...##......#
#.....#...##......##
#.....'.............
#..@..#.............
#.w...#......)......
#.....#...........##
#.....#.......>...#
#.....#...##......#
#.....#...##.[....#
#.....#............#
#.....#...........##
#...........#


You could see a worm.

Vanquished Creatures
  A kobold (D:4)
1 creature vanquished.

Notes
Turn   | Place    | Note
-------+----------+-------------------------------------------
     0 | D:5      | senseless the Octopode Delver began the quest for the Orb.
     0 | D:5      | Reached XP level 1. HP: 16/16 MP: 1/1
    81 | D:4      | Slain by a worm

Illustrated notes

Levels and vault maps discovered:
D:4:      layout_gridville, mainiacjoe_overflow_tiny_flanked,
          nicolae_ossuary_entry_monument, chequers_arboretum, nicolae_wormholes,
          uniq_eustachio, uniq_ijyb
D:5:      layout_cave_pools, trog_butcher_becter, evilmike_ruin_ashenzari,
          gammafunk_ghost_icy

Action                     || total
---------------------------++-------
  Melee: Falchion          ||     5
         Constrict         ||     1
         Tentacles         ||     1
   Stab: Sleeping          ||     1
 Armour: Skin              ||     1
  Dodge: Dodged            ||     1

Table legend: (Time is in decaauts)
 A = Elapsed time spent in this place.
 B = Non-inter-level travel time spent in this place.
 C = Inter-level travel time spent in this place.
 D = Time resting spent in this place.
 E = Time spent auto-exploring this place.
 F = Levels seen in this place.
 G = Mean time per level.
                   A        B        C        D        E       F      G
               +--------+--------+--------+--------+--------+-----+--------+
         Total |     81 |     81 |      0 |      0 |     54 |   2 |   40.5 |
       Dungeon |     81 |     81 |      0 |      0 |     54 |   2 |   40.5 |
               +--------+--------+--------+--------+--------+-----+--------+

Top non-repeatable levels by time:
     D:4: 66 daAuts
     D:5: 15 daAuts
